Map: Романтицид РВ

Players

MrMiyagi

  • Race: Protoss Protoss
  • League: Master
  • Spawn Location: 5:00

Hawk - Winner!

  • Race: Protoss Protoss
  • League: Master
  • Spawn Location: 11:00

VOD

Have the link to the VOD?

Description

Time

  • Played on: Jan. 28, 2021, 1:11 p.m.
  • Length: 5:20
Show
View Real Time Build Order
Export as new Build Order

MrMiyagi Protoss 

Build Orders:  

Get SALT Encoding   

  12  0:00  Probe  
  13  0:12  Probe  
  14  0:17  Pylon  
  14  0:24  Probe (Chrono Boost)  
  15  0:36  Probe (Chrono Boost)  
  15  0:37  Gateway  
  16  0:44  Probe (Chrono Boost)  
  16  0:46  Assimilator  
  17  0:51  Probe  
  17  0:55  Assimilator  
  18  1:03  Probe (Chrono Boost)  
  19  1:08  Gateway  
  19  1:12  Probe (Chrono Boost)  
  19  1:17  Probe (Chrono Boost)  
  20  1:24  Cybernetics Core  
  21  1:29  Probe  
  22  1:33  Pylon  
  22  1:41  Probe  
  23  1:55  Probe  
  23  2:00  Warp Gate (Chrono Boost)  
  24  2:02  Stalker x2  
  28  2:14  Pylon  
  28  2:32  Stalker x2  
  28  2:36  Shield Battery  
  31  2:53  Nexus  
  31  3:07  Sentry x2  
  31  3:09  Probe  
  31  3:10  Pylon  
  36  3:21  Probe  
  37  3:30  Twilight Council  
  37  3:33  Probe  
  38  3:41  Stalker  
  38  3:45  Probe, Stalker  
  43  3:57  Probe  
  44  4:07  Stalker  
  44  4:08  Shield Battery  
  44  4:09  Sentry  
  36  4:34  Stalker x2  
  40  4:41  Probe x2  
  40  4:44  Shield Battery  
  40  4:55  Stalker  
  40  4:57  Probe  
  39  5:01  Stalker  
  39  5:03  Probe  
  42  5:08  Pylon  
  38  5:16  Stalker  
Show
View Real Time Build Order
Export as new Build Order

Hawk Protoss - Winner!

Build Orders:  

Get SALT Encoding   

  12  0:00  Probe  
  13  0:12  Probe  
  14  0:17  Pylon  
  14  0:24  Probe (Chrono Boost)  
  16  0:37  Probe (Chrono Boost), Gateway  
  16  0:42  Probe (Chrono Boost)  
  16  0:46  Assimilator  
  17  0:52  Probe  
  17  0:55  Assimilator  
  18  1:04  Probe  
  18  1:07  Gateway  
  19  1:17  Probe  
  20  1:24  Cybernetics Core  
  20  1:29  Probe  
  20  1:32  Pylon  
  21  1:37  Pylon  
  21  1:41  Probe  
  22  1:53  Probe  
  23  2:00  Stalker (Chrono Boost)  
  23  2:01  Stalker (Chrono Boost)  
  27  2:02  Warp Gate (Chrono Boost)  
  27  2:28  Stalker x2 (Chrono Boost)  
  31  2:40  Gateway  
  31  2:50  Stalker x2  
  35  3:13  Nexus  
  35  3:29  Pylon  
  35  3:43  Stalker  
  35  3:44  Stalker  
  35  3:47  Stalker  
  37  4:10  Stalker x3  
  37  4:12  Probe  
  44  4:24  Probe  
  39  4:33  Stalker  
  39  4:34  Stalker  
  39  4:37  Stalker  
  41  5:03  Stalker x2  
  41  5:04  Stalker  
Tags
 
Add a new tag
Caveats
  • Supply blocks, unpowered buildings, or Contaminate may cause inaccurate times.
  • Supply counts are checked every 10 seconds.